 Dungeon Crawl Stone Soup version 0.32-a0-519-g08f29ac1c3 (webtiles) character file.

Game seed: 11366369180676324259

18531 ipx the Severer (level 12, -1/97 (102) HPs)
             Began as a Mountain Dwarf Fighter on Feb 28, 2024.
             Was a High Priest of Jiyva.
             Slain by a vault guard
             ... wielding a +0 halberd
              (10 damage)
             ... on level 13 of the Dungeon.
             The game lasted 00:53:25 (3632 turns).

ipx the Severer (Mountain Dwarf Fighter)            Turns: 3632, Time: 00:53:27

HP:   -1/97 (102)   AC: 17    Str: 33    XL:     12   Next: 28%
MP:   12/12         EV:  9    Int:  6    God:    Jiyva [*****.]
Gold: 438           SH:  5    Dex:  7    Spells: 11/11 levels left

rFire   . . .        a - +2 battleaxe (heavy)
rCold   + + +        (shield currently unavailable)
rNeg    . . .        i - +0 chain mail
rPois   +            (no helmet)
rElec   .            g - +0 cloak {rPois}
rCorr   +            r - +0 pair of gloves
SInv    .            A - +0 pair of boots
Will    +....        X - amulet of reflection Stlth
                     L - ring of flight
HPRegen 1.80/turn    (no ring)
MPRegen 0.85/turn

%: reflection
@: mighty, flying, lightly drained
A: runic magic, artefact enchanting, iridescent scales 1, cold resistance 3,
strong 2
a: Renounce Religion, Oozemancy, Slimify


You were on level 13 of the Dungeon.
You worshipped Jiyva.
Jiyva was extremely pleased with you.
You visited 1 branch of the dungeon, and saw 14 of its levels.

You collected 532 gold pieces.
You spent 94 gold pieces at shops.

Inventory:

Hand Weapons
 a - a +2 heavy battleaxe (weapon)
 b - a +3 flail of freezing
 q - a -2 demon whip of venom
 x - a +4 hand axe of freezing
 G - the +11 trident "Ableack" {holy, rC- Str+2 Dex+8}
   (You found it on level 13 of the Dungeon)

   Str+2:     It affects your strength (+2).
   Dex+8:     It affects your dexterity (+8).
   rC-:       It makes you vulnerable to cold.
Missiles
 u - a curare-tipped dart (quivered)
Armour
 c - a +0 buckler
 g - a +0 cloak of poison resistance (worn)
 i - a +0 chain mail (worn)
 r - a +0 pair of gloves (worn)
 A - a +0 pair of boots (worn)
Jewellery
 F - an amulet of magic regeneration
 L - a ring of flight (left hand)
 X - an amulet of reflection (around neck)
Wands
 t - a wand of light (1)
 y - a wand of flame (9)
 H - a wand of mindburst (4)
Scrolls
 e - a scroll of teleportation
 h - 2 scrolls of fog
 m - a scroll of fear
 n - a scroll of immolation {unknown}
 o - a scroll of torment {unknown}
 w - a scroll of vulnerability {unknown}
 D - a scroll of poison {unknown}
 E - a scroll of enchant weapon
Potions
 f - a potion of attraction {unknown}
 j - a potion of heal wounds {unknown}
 k - a potion of cancellation {unknown}
 l - a potion of ambrosia {unknown}
 p - 2 potions of enlightenment
 s - a potion of degeneration {unknown}
 v - a potion of haste {unknown}
 z - a potion of invisibility {unknown}
 B - a potion of lignification {unknown}
 C - 4 potions of curing {unknown}


   Skills:
 - Level 8.2 Fighting
 - Level 20.0 Axes
 - Level 8.2 Armour
 - Level 3.2 Shields
 + Level 5.6 Evocations


You had 11 spell levels left.
You didn't know any spells.
Your spell library contained the following spells:

 Spells                   Type           Power      Damage    Failure   Level
 Ensorcelled Hibernation  Hex/Ice        0%         N/A       69%         2
 Jinxbite                 Hex            0%         N/A       69%         2
 Dazzling Flash           Conj/Hex       0%         N/A       89%         3
 Fugue of the Fallen      Necr           0%         N/A       89%         3
 Gell's Gravitas          Tloc           0%         N/A       89%         3
 Ozocubu's Armour         Ice            0%         N/A       89%         3
 Teleport Other           Tloc           0%         N/A       89%         3
 Volatile Blastmotes      Fire/Tloc      0%         2d10      89%         3
 Anguish                  Hex/Necr       0%         N/A       100%        4
 Leda's Liquefaction      Alch/Erth      0%         N/A       100%        4
 Manifold Assault         Tloc           0%         N/A       100%        4
 Lee's Rapid Deconstruct  Erth           0%         3d4*      100%        5
 Yara's Violent Unravell  Hex/Alch       0%         3d3       100%        5
 Bombard                  Conj/Erth      0%         9d1       100%        6
 Dispersal                Tloc           0%         N/A       100%        6
 Starburst                Conj/Fire      0%         6d3       100%        6
 Enfeeble                 Hex            0%         N/A       100%        7
 Disjunction              Tloc           0%         N/A       100%        8
 Maxwell's Capacitive Co  Air            0%         ∞         100%        8


Dungeon Overview and Level Annotations

Branches:
Dungeon (14/15)            Temple (0/1) D:6            Lair (0/5) D:10
 Vaults (0/5) D:13
    Orc: D:9-12

Altars:
Cheibriados
Gozag
Makhleb
Nemelex Xobeh
Uskayaw
Vehumet
The Shining One
Jiyva

Shops:
D:7 [   D:10 =


Innate Abilities, Weirdness & Mutations

Your spellcasting is much less encumbered by armour.
You can use scrolls of enchantment on lesser artefacts.
You are partially covered in iridescent scales. (AC +2)
Your flesh is almost immune to the effects of cold. (rC+++)
Your muscles are very strong. (Str +8, Int/Dex -2)


Message History

Things that are here:
a +0 spear; a +0 short sword You reach down and open the gate.
A yaktaur and 6 humans come into view.
The vault guard shouts! x2; The yaktaur shouts!
The necromancer shouts!
The human shouts!
The arcanist shouts!
The vault guard shouts!
Found five items.
Found a gate to the Vaults.
You feel very mighty all of a sudden. You block the vault guard's attack.
The necromancer mumbles some strange words.
The necromancer binds the souls of nearby monsters.
The vault guard hits you from afar with a +0 glaive.
Aiming: Mindburst
Press: ? - help, Shift-Dir - straight line, f - vault guard
Aim: a vault guard, wielding a +0 halberd and wearing a +0 plate armour (soul bound, chance to affect: 51%)
The vault guard resists with significant effort.
The vault guard closely misses you.
The yaktaur wields a +0 arbalest.
The yaktaur shoots a bolt.
The bolt hits you!
The vault guard hits you but does no damage.
The human hits you but does no damage.
The arcanist casts a spell.
The arcanist seems to speed up.
The vault guard hits you but does no damage.
There is an open gate here.
The arcanist hits you but does no damage.
The vault guard hits you with a +0 halberd!
The human hits you.
The yaktaur shoots a bolt.
The bolt hits you!!
You shudder from the blast and a jelly pops out!
You slice the arcanist like a ripe choko!!!!
You kill the arcanist!
You closely miss the vault guard. You barely miss the vault guard. x2
You miss the human.
A freezing mist starts to gather...
An arcanist simulacrum comes into view.
The necromancer gestures at you while chanting.
The bolt of negative energy hits you!!
You feel drained.
* * * LOW HITPOINT WARNING * * *
You shudder from the blast and a jelly pops out!
The vault guard hits you with a +0 halberd!
You die...
Jiyva sends a jelly to digest your remains.

### #############
#.. #.....#.....#
#.# #)...)†††..)#.#
#.#
#..⌠..'..⌠..#.###.#
#.....'.....#.#....
#..J..#.)...#T#.#..
##ppc###'''##.#.#.#
#p@...#†....#.#.#.#
#.)pp.#.....'...#.#
#Z.∩J.#..⌠.†'......
#[...)#....†'..#..#
#.$.(?#.....#.##..#
#############.##...
..##.#. #####...
#...


You could see 3 vault guards, a yaktaur (soul bound, ally target), a necromancer
(ally target), a human (soul bound), an arcanist simulacrum, a friendly acid
blob (summoned) and a friendly quicksilver ooze (summoned).

Vanquished Creatures
  A centaur warrior (D:14)
  A two-headed ogre (D:8)
  Urug (D:11)
  Amaemon (D:9)
  2 arcanists (D:13)
  A necromancer (D:13)
  Pikel (D:9)
  An oklob plant (D:10)
  An ugly thing (D:12)
  3 cyclopes
  Joseph (D:8)
  An orange demon (D:9)
  4 komodo dragons
  A kobold demonologist (D:9)
  2 trolls
  2 hornets
  Grinder (D:3)
  24 yaks
  A wyvern (D:9)
  2 wraiths
  16 humans (D:13)
  4 vampire mosquitoes (D:13)
  An acid dragon (D:9)
  2 orc warriors
  A black bear (D:5)
  9 centaurs
  A phantom (D:4)
  3 bullfrogs
  2 kobold brigands
  3 scorpions (D:6)
  21 wights
  4 killer bees
  An electric eel (D:10)
  3 howler monkeys (D:11)
  2 bombardier beetles
  5 orc priests
  A gnoll bouda (D:4)
  Jessica (D:2)
  A sleepcap (D:5)
  11 orc wizards
  Terence (D:2)
  3 gnolls (D:4)
  3 adders
  A shadow imp (D:8)
  A white imp (D:8)
  2 dart slugs
  21 orcs
  5 bats
  3 giant cockroaches
  2 goblins (D:2)
  3 hobgoblins
  A quokka (D:3)
  2 frilled lizards
  8 kobolds
  3 rats
203 creatures vanquished.

Vanquished Creatures (others)
  A killer bee (D:9)
  2 jellies
  An orc wizard (D:9)
  A bat (D:1)
  An endoplasm (D:2)
  A giant cockroach (D:4)
  A quokka (D:1)
  2 ball pythons (D:4)
10 creatures vanquished.

Grand Total: 213 creatures vanquished

Notes
Turn   | Place    | Note
-------+----------+-------------------------------------------
     0 | D:1      | ipx the Mountain Dwarf Fighter began the quest for the Orb.
     0 | D:1      | Reached XP level 1. HP: 19/19 MP: 1/1
    57 | D:1      | Found a faded altar of an unknown god.
    71 | D:1      | Prayed at the altar of an unknown god.
    71 | D:1      | Became a worshipper of Jiyva Jaclop the Shapeless
    71 | D:1      | Reached * piety under Jiyva
   127 | D:2      | Noticed Jessica
   265 | D:2      | Reached skill level 3 in Axes
   301 | D:2      | Reached XP level 2. HP: 26/26 MP: 2/2
   330 | D:2      | Reached ** piety under Jiyva
   342 | D:2      | Noticed Terence
   348 | D:2      | Killed Terence
   349 | D:2      | Reached skill level 4 in Axes
   349 | D:2      | Reached XP level 3. HP: 13/31 MP: 3/3
   548 | D:2      | Killed Jessica
   549 | D:2      | Reached skill level 5 in Axes
   549 | D:2      | Reached XP level 4. HP: 38/38 MP: 4/4
   675 | D:3      | Noticed Grinder
   695 | D:3      | Killed Grinder
   696 | D:3      | Reached skill level 7 in Axes
   696 | D:3      | Reached XP level 5. HP: 21/45 MP: 5/5
   713 | D:3      | Reached *** piety under Jiyva
   765 | D:3      | Reached XP level 6. HP: 51/51 MP: 6/6
   905 | D:4      | Reached skill level 8 in Axes
  1000 | D:5      | Entered Level 5 of the Dungeon
  1034 | D:4      | Found a snail-covered altar of Cheibriados.
  1098 | D:4      | Reached skill level 9 in Axes
  1124 | D:5      | Reached XP level 7. HP: 57/57 MP: 7/7
  1181 | D:5      | Gained mutation: Your muscles are strong. (Str +4, Int/Dex
                  | -1) [Jiyva's grace]
  1181 | D:5      | Gained mutation: Your muscles are very strong. (Str +8,
                  | Int/Dex -2) [Jiyva's grace]
  1181 | D:5      | Gained mutation: You are partially covered in iridescent
                  | scales. (AC +2) [Jiyva's grace]
  1181 | D:5      | Gained mutation: You are mostly covered in iridescent
                  | scales. (AC +4) [Jiyva's grace]
  1386 | D:6      | Reached skill level 10 in Axes
  1415 | D:6      | Reached **** piety under Jiyva
  1416 | D:6      | Found a staircase to the Ecumenical Temple.
  1446 | D:6      | Reached skill level 5 in Fighting
  1456 | D:6      | Reached XP level 8. HP: 45/68 MP: 8/8
  1539 | D:7      | Found Laocunnuaru's Antique Armour Shop.
  1564 | D:7      | Reached skill level 11 in Axes
  1572 | D:7      | Bought a pair of gloves for 94 gold pieces
  1637 | D:8      | Reached skill level 12 in Axes
  1751 | D:8      | Noticed a two-headed ogre
  1757 | D:8      | Killed a two-headed ogre
  1758 | D:8      | Reached skill level 13 in Axes
  1758 | D:8      | Reached skill level 5 in Armour
  1758 | D:8      | Reached XP level 9. HP: 46/74 MP: 9/9
  1765 | D:8      | Noticed Erica
  1777 | D:8      | Slimified Erica
  1777 | D:8      | Erica changed into Erica the slime creature
  1777 | D:8      | Noticed Erica
  1897 | D:8      | Noticed Joseph
  1918 | D:8      | Killed Joseph
  1919 | D:8      | Reached skill level 14 in Axes
  2019 | D:7      | Found a sparkling altar of Nemelex Xobeh.
  2049 | D:8      | Reached skill level 15 in Axes
  2148 | D:9      | Noticed Pikel
  2153 | D:9      | Killed Pikel
  2161 | D:9      | Found a burning altar of Makhleb.
  2161 | D:9      | Found an opulent altar of Gozag.
  2161 | D:9      | Found a glowing golden altar of the Shining One.
  2166 | D:9      | Identified a scroll of acquirement
  2171 | D:9      | Acquired a +0 cloak of poison resistance
  2196 | D:9      | Reached skill level 16 in Axes
  2196 | D:9      | Reached skill level 1 in Evocations
  2196 | D:9      | Reached XP level 10. HP: 81/81 MP: 10/10
  2320 | D:10     | Entered Level 10 of the Dungeon
  2388 | D:10     | Found a radiant altar of Vehumet.
  2398 | D:9      | Reached skill level 17 in Axes
  2436 | D:9      | Lost mutation: You are mostly covered in iridescent scales.
                  | (AC +4) [Jiyva's grace]
  2436 | D:9      | Lost mutation: Your muscles are very strong. (Str +8,
                  | Int/Dex -2) [Jiyva's grace]
  2436 | D:9      | Gained mutation: Your flesh is cold resistant. (rC+)
                  | [Jiyva's grace]
  2436 | D:9      | Gained mutation: Your flesh is very cold resistant. (rC++)
                  | [Jiyva's grace]
  2436 | D:9      | Gained mutation: Your flesh is almost immune to the effects
                  | of cold. (rC+++) [Jiyva's grace]
  2436 | D:9      | Gained mutation: Your muscles are very strong. (Str +8,
                  | Int/Dex -2) [Jiyva's grace]
  2530 | D:9      | Noticed Amaemon
  2552 | D:9      | Killed Amaemon
  2553 | D:9      | Reached skill level 18 in Axes
  2553 | D:9      | Noticed an orange demon
  2564 | D:9      | Killed an orange demon
  2589 | D:9      | Reached XP level 11. HP: 86/86 MP: 11/11
  2800 | D:10     | Found Eceat's Jewellery Boutique.
  2826 | D:10     | Reached skill level 19 in Axes
  3038 | D:10     | Found a staircase to the Lair.
  3042 | D:10     | Noticed an oklob plant
  3054 | D:10     | Killed an oklob plant
  3079 | D:11     | Noticed Urug
  3098 | D:11     | Killed Urug
  3134 | D:11     | Reached ***** piety under Jiyva
  3256 | D:11     | Reached skill level 20 in Axes
  3328 | D:12     | Noticed a +0 hand axe
  3328 | D:12     | Noticed a +0 hand axe
  3329 | D:12     | Found a hide-covered altar of Uskayaw.
  3347 | D:12     | Noticed a brown ugly thing
  3352 | D:12     | Killed a brown ugly thing
  3413 | D:14     | Noticed a centaur warrior
  3433 | D:14     | Killed a centaur warrior
  3549 | D:13     | Reached XP level 12. HP: 95/100 MP: 12/12
  3557 | D:13     | Identified the +11 trident "Ableack" {holy, rC- Str+2
                  | Dex+8}
  3608 | D:13     | Reached skill level 5 in Evocations
  3627 | D:13     | Found a gate to the Vaults.
  3627 | D:13     | Noticed a vault guard
  3627 | D:13     | Noticed a vault guard
  3627 | D:13     | Noticed a vault guard
  3632 | D:13     | Slain by a vault guard

Illustrated notes

Levels and vault maps discovered:
D:1:      dpeg_arrival_rhombi, layout_basic, dreamdust_ecumenical_altar_grove,
          minmay_misc_feat_alley, palyth_stone_intersect
D:2:      layout_loops_ring, uniq_jessica, uniq_terence
D:3:      layout_loops_cross, hellmonk_ghost_happy_afterlife,
          kennysheep_generic_room_7, uniq_grinder
D:4:      layout_basic, kennysheep_slug_shrine, serial_bayou_pond_a,
          minmay_quadrilaterals
D:5:      layout_basic, guppyfry_early_orc_mine, uniq_duvessa
D:6:      layout_layer_cave, elyvilon_altar_1, minmay_temple_entry_stoned_glass,
          serial_shops, nicolae_lakefront_shop
D:7:      layout_basic, led_sif_pool, nicolae_qazlal_general_emergency,
          nemelex_diamond_rough_becter, serial_shops, nicolae_shop_crystal,
          shop, nicolae_shop_gaudy_bauble, shop
D:8:      layout_loops_ring, serial_glass, glass_columns_a, glass_columns_a,
          glass_columns_a, glass_columns_a, glass_columns_c, glass_columns_b,
          minivault_1, uniq_joseph, uniq_erica
D:9:      layout_roguey, chequers_temple_overflow_statue_of_worship,
          minmay_chambers_of_fives, uniq_pikel, uniq_amaemon
D:10:     layout_roguey, mainiacjoe_overflow_tiny_flanked,
          chequers_temple_overflow_minitemple, dpeg_oklobed_lair,
          kennysheep_diamond
D:11:     layout_roguey, uniq_urug
D:12:     hellmonk_destroyed_diamonds, layout_rooms, dancing_weapons_uskayaw
D:13:     minmay_razor_zed, layout_loops_cross, grunt_vaults_entry_tiered,
          serial_shops, shop, lightli_elemental_guards
D:14:     layout_loops_ring

Skill      XL: |  1  2  3  4  5  6  7  8  9 10 11 12 |
---------------+-------------------------------------+-----
Axes           | 3 4 5 7 9 10 13 16 18 20 | 20.0
Fighting       | 5 7 8 |  8.2
Armour         | 5 7 8 |  8.2
Evocations     | 1 4 5 |  5.6
Shields        | |  3.2

Action                     |  1- 3 |  4- 6 |  7- 9 | 10-12 || total
---------------------------+-------+-------+-------+-------++-------
  Melee: War axe           |    57 |   109 |    82 |       ||   248
         Battleaxe         |       |       |    54 |    91 ||   145
         Hand axe          |       |       |   104 |   274 ||   378
 Invoke: Oozemancy         |       |       |     2 |       ||     2
         Slimify           |       |       |     1 |       ||     1
  Evoke: Wand              |       |       |     2 |     7 ||     9
    Use: Potion            |       |     1 |       |     1 ||     2
         Scroll            |       |       |     5 |     4 ||     9
   Stab: Invisible         |       |       |     1 |       ||     1
 Armour: Scale mail        |    35 |    39 |       |       ||    74
         Chain mail        |       |    22 |   167 |   239 ||   428
  Dodge: Dodged            |    23 |    51 |    69 |   119 ||   262
         Repelled          |       |     1 |     2 |       ||     3
  Block: Buckler           |    14 |    10 |    20 |    74 ||   118
         Other             |       |       |       |    13 ||    13
         Reflection        |       |       |       |     4 ||     4

Table legend: (Time is in decaauts)
 A = Elapsed time spent in this place.
 B = Non-inter-level travel time spent in this place.
 C = Inter-level travel time spent in this place.
 D = Time resting spent in this place.
 E = Time spent auto-exploring this place.
 F = Levels seen in this place.
 G = Mean time per level.
                   A        B        C        D        E       F      G
               +--------+--------+--------+--------+--------+-----+--------+
         Total |   3526 |   3482 |     44 |      0 |      0 |  14 |  251.9 |
       Dungeon |   3526 |   3482 |     44 |      0 |      0 |  14 |  251.9 |
               +--------+--------+--------+--------+--------+-----+--------+

Top non-repeatable levels by time:
     D:9: 495 daAuts
     D:8: 471 daAuts
     D:2: 410 daAuts
    D:10: 299 daAuts
    D:11: 294 daAuts
     D:1: 256 daAuts
     D:4: 255 daAuts
     D:5: 243 daAuts
     D:3: 225 daAuts
     D:6: 165 daAuts
    D:13: 152 daAuts
     D:7: 104 daAuts
    D:14: 84 daAuts
    D:12: 67 daAuts
